 Dungeon Crawl Stone Soup version 0.28.0-53-g5a82cb258f (webtiles) character file.

Game seed: 8327362832495673347

1479 Sin92 the Ducker (level 8, 0/63 HPs)
             Began as a Demonspawn Fighter on July 26, 2022.
             Slain by a water moccasin (5 damage)
             ... on level 5 of the Dungeon.
             The game lasted 00:07:26 (6852 turns).

Sin92 the Ducker (Demonspawn Fighter)               Turns: 6852, Time: 00:07:26

Health: 0/63       AC:  9    Str: 17    XL:     8   Next: 50%
Magic:  8/8        EV: 12    Int: 10    God:
Gold:   248        SH:  0    Dex: 20    Spells: 7/7 levels left

rFire   . . .      SeeInvis .   a - +0 long sword
rCold   . . .      Faith    .   c - +0 buckler
rNeg    . . .      Spirit   .   b - +0 scale mail
rPois   .          Reflect  .   (helmet restricted)
rElec   .          Harm     .   g - +0 cloak
rCorr   .          Rampage  .   (no gloves)
Will    +....                   (no boots)
Stlth   ..........              (no amulet)
HPRegen 0.20/turn               f - +6 ring of dexterity
MPRegen 0.11/turn               (no ring)

@: confused, lethally poisoned (0 -> -10), ambrosia-drunk
A: antennae 2, rugged brown scales 1, demonic guardian 1, deterioration 1,
strong-willed 1
a: no special abilities


You were on level 5 of the Dungeon.
You visited 1 branch of the dungeon, and saw 6 of its levels.

You collected 248 gold pieces.

Inventory:

Hand Weapons
 a - a +0 long sword (weapon)
Armour
 b - a +0 scale mail (worn)
 c - a +0 buckler (worn)
 g - a +0 cloak (worn)
Jewellery
 f - a +6 ring of dexterity (left hand)
Wands
 n - a wand of iceblast (9)
Scrolls
 e - a scroll of magic mapping {unknown}
 i - 5 scrolls of identify
Potions
 l - a potion of degeneration


   Skills:
 + Level 5.2 Fighting
 + Level 4.2 Long Blades
 + Level 4.7 Armour
 * Level 5.4 Dodging
 + Level 4.7 Shields


You had 7 spell levels left.
You didn't know any spells.
Your spell library contained the following spells:

 Spells                   Type           Power      Damage    Failure   Level
 Sandblast                Erth           0%         2d4       83%         1
 Ensorcelled Hibernation  Hex/Ice        0%         N/A       93%         2
 Passwall                 Tmut/Erth      0%         N/A       93%         2
 Portal Projectile        Hex/Tloc       0%         N/A       99%         3
 Spider Form              Tmut/Pois      0%         N/A       99%         3
 Stone Arrow              Conj/Erth      0%         3d7       99%         3
 Anguish                  Hex/Necr       0%         N/A       100%        4
 Blade Hands              Tmut           0%         N/A       100%        5
 Excruciating Wounds      Necr           0%         N/A       100%        5
 Irradiate                Conj/Tmut      0%         3d13      100%        5
 Dragon Form              Tmut           0%         N/A       100%        7


Dungeon Overview and Level Annotations

Branches:
Dungeon (6/15)
 Temple: D:4-7

Altars:


Innate Abilities, Weirdness & Mutations

You have a pair of antennae on your head.
You are partially covered in rugged brown scales. (AC +1, +3% HP)
A weak demonic guardian rushes to your aid.
Your body sometimes deteriorates upon taking damage.
You are strong-willed. (Will+)


Message History

You block the scorpion's attack.
The scorpion stings you but does no damage.
The water moccasin bites you.
You are poisoned.
The water moccasin poisons you!
You closely miss the water moccasin.
The water moccasin is lightly wounded.
You feel very sick. You block the water moccasin's attack.
You miss the water moccasin.
The water moccasin is lightly wounded.
You feel sick.
The water moccasin bites you but does no damage. x2
You closely miss the water moccasin.
The water moccasin is lightly wounded.
You feel sick.
The water moccasin barely misses you. x2
Unknown command.
You slash the water moccasin!
The water moccasin is heavily wounded.
You feel sick. The water moccasin bites you!
* * * LOW HITPOINT WARNING * * *
A demonic guardian appears!
You are lethally poisoned!
The water moccasin poisons you! The water moccasin bites you.
* * * LOW HITPOINT WARNING * * *
You are confused.
You feel invigorated.
* * * LOW HITPOINT WARNING * * *
You feel very sick.
The water moccasin bites you but does no damage.
Unknown command.
You're too confused to move!
* * * LOW HITPOINT WARNING * * *
You feel very sick. The water moccasin bites you.
* * * LOW HITPOINT WARNING * * *
You bump into the rock wall.
* * * LOW HITPOINT WARNING * * *
You feel sick. The water moccasin bites you.
You die...

#....#.# #.#.#######.#
####...###........##.#
###.....######.##.#
##.#.## #.#### #...# #
#....# ##..# #.#####.#
#..# #.......# ##.####
#.......#### #sS@5#
#.#.........
####.####.####..####
#....#.......####
######.##.#.####......
#<............##.#.###
######...........#.#.#
#.##.###.####.#.#
#.##.....# #.#.#
#........# #...#


You could see a water moccasin (ally target), a scorpion and a friendly quasit
(summoned).

Vanquished Creatures
  A troll (D:6)
  A necrophage (D:6)
  An ogre (D:4)
  3 phantoms
  A kobold brigand (D:6)
  A bullfrog (D:6)
  A scorpion (D:6)
  A water moccasin skeleton (D:4)
  A hound (D:4)
  A centaur skeleton (D:5)
  2 iguanas
  2 orc wizards
  10 adders
  An adder skeleton (D:4)
  5 worms
  4 orcs
  3 bats
  7 endoplasms
  2 giant cockroaches (D:3)
  A goblin (D:4)
  2 hobgoblins (D:2)
  A jackal (D:5)
  4 quokkas
  2 ball pythons
  10 kobolds
  6 rats
74 creatures vanquished.

Vanquished Creatures (collateral kills)
  Edmund (D:4)
  An ogre (D:4)
  A hound (D:4)
  An iguana (D:5)
  An orc wizard (D:4)
  A hound skeleton (D:4)
  2 adders
  A dart slug (D:2)
  2 orcs
11 creatures vanquished.

Vanquished Creatures (others)
  2 fungi (D:1)
  19 plants
21 creatures vanquished.

Grand Total: 106 creatures vanquished

Notes
Turn   | Place    | Note
-------+----------+-------------------------------------------
     0 | D:1      | Sin92 the Demonspawn Fighter began the quest for the Orb.
     0 | D:1      | Reached XP level 1. HP: 18/18 MP: 1/1
   761 | D:1      | Gained mutation: A weak demonic guardian rushes to your
                  | aid. [demonic ancestry]
   761 | D:1      | Reached XP level 2. HP: 24/24 MP: 2/2
   985 | D:1      | Found a faded altar of an unknown god.
  1070 | D:1      | Reached skill level 1 in Dodging
  1090 | D:1      | HP: 1/24 [adder (2)]
  1215 | D:2      | Gained mutation: You have a pair of small antennae on your
                  | head. [demonic ancestry]
  1215 | D:2      | Reached XP level 3. HP: 29/29 MP: 3/3
  1806 | D:2      | Reached XP level 4. HP: 31/35 MP: 4/4
  3261 | D:4      | Reached XP level 5. HP: 35/41 MP: 5/5
  3773 | D:4      | Gained mutation: You have a pair of antennae on your head.
                  | [demonic ancestry]
  3773 | D:4      | Reached XP level 6. HP: 48/48 MP: 6/6
  3859 | D:4      | Noticed Edmund
  3870 | D:4      | HP: 2/48 [Edmund/+6 flail of holy wrath (1)]
  3881 | D:4      | Gained mutation: Your body sometimes deteriorates upon
                  | taking damage. [potion of mutation]
  3881 | D:4      | Gained mutation: You are strong-willed. (Will+) [potion of
                  | mutation]
  3901 | D:4      | HP: 1/48 [Edmund/+6 flail of holy wrath (2)]
  3907 | D:4      | Killed Edmund
  4508 | D:4      | Gained mutation: You are partially covered in rugged brown
                  | scales. (AC +1, +3% HP) [demonic ancestry]
  4508 | D:4      | Reached XP level 7. HP: 32/56 MP: 7/7
  4782 | D:4      | You fall into a shaft and drop 2 floors!
  4934 | D:6      | Noticed a troll
  4952 | D:6      | HP: 2/84 [troll (10)]
  4953 | D:6      | Killed a troll
  4954 | D:6      | Reached XP level 8. HP: 2/62 MP: 8/8
  5502 | D:6      | Noticed a komodo dragon
  5525 | D:6      | Reached skill level 5 in Fighting
  5525 | D:6      | Reached skill level 5 in Dodging
  5612 | D:5      | Entered Level 5 of the Dungeon
  6849 | D:5      | HP: 3/63 [water moccasin (5)]
  6852 | D:5      | Slain by a water moccasin

Illustrated notes

Levels and vault maps discovered:
D:1:      eino_arrival_druids_welcome, layout_loops_ring,
          shapermc_ecumenical_altar_mp_urbaneastern,
          amcnicky_mini_corridor_feature
D:2:      layout_loops_ring, grunt_ministairs_8, serial_bayou_ford_a
D:3:      layout_basic
D:4:      layout_basic, uniq_edmund
D:5:      layout_basic, minmay_fractal_squares_5
D:6:      kennysheep_big_flooded_room, layout_basic

Skill      XL: |  1  2  3  4  5  6  7  8 |
---------------+-------------------------+-----
Long Blades    | 2 3 4 |  4.2
Dodging        | 1 2 3 4 5 |  5.4
Armour         | 3 4 |  4.7
Shields        | 3 4 |  4.7
Fighting       | 4 5 |  5.2

Action                   |  1- 3 |  4- 6 |  7- 9 || total
-------------------------+-------+-------+-------++-------
Melee: Long sword        |   109 |   133 |   186 ||   428
  Use: Potion            |     1 |     8 |     2 ||    11
       Scroll            |       |     2 |     1 ||     3
 Stab: Distracted        |       |       |     1 ||     1
Armor: Scale mail        |    37 |    65 |    52 ||   154
       Skin              |       |       |    28 ||    28
Dodge: Dodged            |    36 |    68 |   118 ||   222
Block: Buckler           |    20 |    38 |    67 ||   125
